 Dungeon Crawl Stone Soup version 0.28.0-53-g5a82cb258f (webtiles) character file.

Game seed: 6558386666390425070

431 DocClef the Spear-Bearer (level 7, 0/50 HPs)
             Began as a Merfolk Gladiator on June 30, 2022.
             Slain by a lemure (7 damage)
             ... led by Pikel
             ... on level 4 of the Dungeon.
             The game lasted 00:02:45 (3603 turns).

DocClef the Spear-Bearer (Merfolk Gladiator)        Turns: 3603, Time: 00:02:46

Health: 0/50       AC:  4    Str: 16    XL:     7   Next: 0%
Magic:  7/7        EV: 13    Int:  8    God:
Gold:   106        SH:  0    Dex: 15    Spells: 6/6 levels left

rFire   . . .      SeeInvis .   a - +0 trident
rCold   . . .      Faith    .   (no shield)
rNeg    . . .      Spirit   .   b - +0 leather armour
rPois   .          Reflect  .   c - +0 helmet
rElec   .          Harm     .   (no cloak)
rCorr   .          Rampage  .   (no gloves)
Will    +....                   (no boots)
Stlth   +.........              (no amulet)
HPRegen 0.16/turn               i - +4 ring of slaying
MPRegen 0.10/turn               s - ring of willpower

@: no status effects
A: (nimble swimmer 2), mertail
a: no special abilities


You were on level 4 of the Dungeon.
You visited 1 branch of the dungeon, and saw 5 of its levels.

You collected 106 gold pieces.

Inventory:

Hand Weapons
 a - a +0 trident (weapon)
Missiles
 d - 3 throwing nets (quivered)
Armour
 b - a +0 leather armour (worn)
 c - a +0 helmet (worn)
Jewellery
 i - a +4 ring of slaying (left hand)
 s - a ring of willpower (right hand)
Scrolls
 e - a scroll of summoning {unknown}
 f - a scroll of amnesia {unknown}
 h - 3 scrolls of fear {unknown}
 j - a scroll of enchant weapon {unknown}
 l - 4 scrolls of identify {unknown}
 n - a scroll of noise {unknown}
 o - a scroll of fog {unknown}
 r - a scroll of immolation {unknown}
 t - a scroll of silence {unknown}
Potions
 g - a potion of degeneration {unknown}
 k - 2 potions of curing {unknown}
 m - a potion of brilliance {unknown}
 p - a potion of heal wounds {unknown}
 q - a potion of ambrosia {unknown}


   Skills:
 - Level 2.1 Fighting
 + Level 10.9 Polearms
 - Level 2.0 Throwing
 - Level 4.0 Dodging


You had 6 spell levels left.
You didn't know any spells.
Your spell library contained the following spells:

 Spells                   Type           Power      Damage    Failure   Level
 Shock                    Conj/Air       0%         1d3       47%         1
 Summon Guardian Golem    Hex/Summ       0%         N/A       85%         3
 Swiftness                Air            0%         N/A       85%         3
 Airstrike                Air            0%         N/A       99%         4
 Orb of Destruction       Conj           0%         9d5       100%        7
 Spellforged Servitor     Conj/Summ      0%         N/A       100%        7


Dungeon Overview and Level Annotations

Branches:
Dungeon (5/15)
 Temple: D:4-7

Altars:
Ru


Innate Abilities, Weirdness & Mutations

((You are very nimble when in or above water. (Stealth+, EV+, Speed+++)))
Your lower body shifts to a powerful aquatic tail in water.


Message History

You kill the lemure!
That felt strangely unrewarding.
You start resting.
HP restored.
There is a stone staircase leading down, spattered with blood here.
You climb downwards.
The lemure hits you. x4
There is a stone staircase leading up here.
The lemure hits you but does no damage. The lemure barely misses you.
You climb upwards.
There is a stone staircase leading down, spattered with blood here.
You puncture the lemure!
The lemure is heavily wounded.
The lemure hits you but does no damage.
You hit the lemure.
The lemure is severely wounded.
The lemure hits you.
You hit the lemure.
The lemure is severely wounded.
The lemure barely misses you. The lemure hits you!
You hit the lemure.
The lemure is almost dead.
The lemure hits you but does no damage. The lemure barely misses you.
You closely miss the lemure.
The lemure is almost dead.
The lemure hits you. The lemure hits you but does no damage.
You closely miss the lemure.
The lemure is almost dead.
You closely miss the lemure.
The lemure is almost dead.
The lemure hits you!
* * * LOW HITPOINT WARNING * * *
The lemure misses you.
You puncture the lemure!
You kill the lemure!
That felt strangely unrewarding.
The lemure hits you but does no damage. The lemure barely misses you.
You hit the lemure but do no damage. The lemure hits you!
* * * LOW HITPOINT WARNING * * *
You closely miss the lemure. The lemure hits you!
You die...

#.........#...##...##'#..#
#.......###.........#.#..#
#.......+...........#.#..#
#>......###.......#.#.#..#
#.......'.....#...........
#.......###.#...(...#.....
#.............#...........
####.######..>......#.#...
#......5@........#.#.....
###.#.#..##..#..##.#.#..#
#.#.#...#..#..##.#.#...
#.#.....#..#...........
#.#.....#..#####.#.#...
#......................
######.##.######.#.#...
####.............#.#.#...
#.........#.####.#.#.#...


You could see a lemure.

Vanquished Creatures
  A water moccasin (D:3)
  2 lemures (D:4)
  A scorpion (D:4)
  2 hounds
  A jelly (D:4)
  A centaur skeleton (D:4)
  An iguana (D:5)
  A gnoll (D:1)
  A howler monkey skeleton (D:5)
  4 adders
  2 worms (D:2)
  2 dart slugs (D:1)
  6 orcs
  3 ball pythons
  7 endoplasms
  2 giant cockroaches (D:4)
  2 goblins
  7 hobgoblins
  6 jackals
  2 kobolds
  2 quokkas (D:1)
  A bat (D:1)
  2 frilled lizards
  2 rats
61 creatures vanquished.

Notes
Turn   | Place    | Note
-------+----------+-------------------------------------------
     0 | D:1      | DocClef the Merfolk Gladiator began the quest for the Orb.
     0 | D:1      | Reached XP level 1. HP: 16/16 MP: 1/1
   119 | D:1      | Reached skill level 5 in Polearms
   122 | D:1      | Reached XP level 2. HP: 11/22 MP: 2/2
   615 | D:1      | Reached skill level 6 in Polearms
   615 | D:1      | Reached XP level 3. HP: 22/27 MP: 3/3
   827 | D:1      | Found a faded altar of an unknown god.
  1227 | D:2      | Reached XP level 4. HP: 33/33 MP: 4/4
  1230 | D:2      | Reached skill level 7 in Polearms
  1947 | D:3      | Found a sacrificial altar of Ru.
  1982 | D:3      | Noticed a water moccasin
  1990 | D:3      | Killed a water moccasin
  1991 | D:3      | Reached skill level 9 in Polearms
  1991 | D:3      | Reached XP level 5. HP: 21/38 MP: 5/5
  2202 | D:3      | Reached XP level 6. HP: 43/44 MP: 6/6
  2410 | D:4      | Reached skill level 10 in Polearms
  3239 | D:5      | Entered Level 5 of the Dungeon
  3318 | D:5      | Reached XP level 7. HP: 50/50 MP: 7/7
  3603 | D:4      | Slain by a lemure

Illustrated notes

Levels and vault maps discovered:
D:1:      minmay_arrival_hallway, layout_loops_cross,
          chequers_ecumenical_altar_grove
D:2:      layout_rooms
D:3:      layout_basic, nicolae_ru_path_of_blood
D:4:      layout_basic
D:5:      layout_rooms, uniq_pikel, uniq_ijyb

Skill      XL: |  1  2  3  4  5  6 |
---------------+-------------------+-----
Polearms       | 5 6 9 10 | 10.9
Fighting       | |  2.1
Throwing       | |  2.0
Dodging        | |  4.0

Action                   |  1- 3 |  4- 6 |  7- 9 || total
-------------------------+-------+-------+-------++-------
Melee: Trident           |    74 |   109 |    38 ||   221
 Stab: Sleeping          |     2 |     1 |       ||     3
Armor: Leather armour    |     3 |    24 |    11 ||    38
Dodge: Dodged            |    26 |    75 |    12 ||   113
